 Dungeon Sprint DCSS version 0.19-a0-1908-g43c011f (webtiles) character file.

257 esc the Magician (level 5, -1/34 HPs)
             Began as a Deep Elf Fire Elementalist on Oct 22, 2016.
             Was a Follower of Sif Muna.
             Slain by a wyvern (5 damage)
             ... in the Dungeon (Sprint IX: "|||||||||||||||||||||||||||||").
             The game lasted 00:04:43 (480 turns).

esc the Magician (Deep Elf Fire Elementalist)        Turns: 480, Time: 00:04:44

Health: -1/34      AC:  6    Str:  5    XL:     5   Next: 93%
Magic:  1/17       EV: 16    Int: 24    God:    Sif Muna [*.....]
Gold:   0          SH:  0    Dex: 15    Spells: 3 memorised, 11 levels left

rFire  . . .     SeeInvis .     r - staff of energy {@w1+MP, hungerless spells, !d!a}
rCold  . . .     Gourm    .     a - +0 robe
rNeg   . . .     Faith    .     (no shield)
rPois  .         Spirit   .     t - +0 helmet
rElec  .         Reflect  .     u - +0 cloak
rCorr  .         Harm     .     (no gloves)
MR     .....     NoTele   +     (no boots)
Stlth  ++........               (no amulet)
                                w - +2 ring of protection
                                v - +3 ring of intelligence

@: very slightly contaminated, divine energy
A: no striking features
a: Stop Divine Energy, Renounce Religion


You were in the Dungeon.
You worshipped Sif Muna.
Sif Muna was aware of your devotion.
You were not hungry.

You visited 1 branch

Inventory:

Hand Weapons
 j - a +0 dagger
   (You took it off a goblin in the Dungeon)
 l - a +2 rapier of distortion {!w}
   (You found it in the Dungeon)
 m - a +2 scimitar of flaming
   (You found it in the Dungeon)
Armour
 a - a +0 robe (worn)
 t - a +0 helmet (worn)
   (You found it in the Dungeon)
 u - a +0 cloak (worn)
   (You found it in the Dungeon)
Magical Staves
 r - an uncursed staff of energy (weapon) {@w1+MP, hungerless spells, !d!a}
   (You found it in the Dungeon)
Jewellery
 v - a +3 ring of intelligence (left hand)
   (You found it in the Dungeon)
 w - a +2 ring of protection (right hand)
   (You found it in the Dungeon)
Wands
 s - a wand of iceblast (7/15)
   (You found it in the Dungeon)
Scrolls
 i - 2 scrolls of blinking {!r}
 p - 3 scrolls of remove curse
 q - 2 scrolls of amnesia
Potions
 d - 5 potions of curing
 e - 3 potions of heal wounds
 f - a potion of haste
 g - 4 potions of magic
 h - a potion of berserk rage {!q}
 o - a potion of invisibility
Books
 b - a book of Flames
Comestibles
 c - a bread ration {@e1}
 k - 2 chunks of flesh {@w0}


   Skills:
 + Level 4.4 Fighting
 + Level 7.0 Dodging
 - Level 2.4 Stealth
 + Level 7.7 Spellcasting
 + Level 5.9 Conjurations
 + Level 6.8 Fire Magic


You had 11 spell levels left.
You knew the following spells:

 Your Spells              Type           Power        Failure   Level  Hunger
a - Flame Tongue          Conj/Fire      #####        1%          1    None
c - Conjure Flame         Conj/Fire      #####...     1%          3    None
s - Sticky Flame          Conj/Fire      #####...     6%          4    None


Dungeon Overview and Level Annotations

Branches:
Dungeon (1/1)

Altars:
Cheibriados
Dithmenos
Elyvilon
Fedhas
Gozag
Hepliaklqana
Kikubaaqudgha
Makhleb
Nemelex Xobeh
Okawaru
Qazlal
Ru
Sif Muna
Trog
Uskayaw
Vehumet
Xom
Yredelemnul
Zin
The Shining One
Beogh
Jiyva
Lugonu


Message History

You finish memorising.
Spell assigned to 'c'.
Okay, then.
You open the door.
A yak, a wyvern, 2 ice beasts, a big kobold and a zombie come into view.
The big kobold shouts!
The wyvern hisses angrily.
The big kobold closely misses you.
There is an open door to the Dungeon here.
Aim: a big kobold, wielding an enchanted short sword The sticky flame hits the big kobold.
The big kobold is covered in liquid flames!
The yak bellows!
The big kobold burns!
The big kobold hits you but does no damage.
You now have 9/13 mp.
The big kobold burns!
The big kobold burns!
The big kobold burns!
You see here a +1 scale mail.
The big kobold burns!
The big kobold burns!
Things that are here:
a chain mail; a whip; a falchion The big kobold burns!
You kill the big kobold!
Sif Muna accepts your kill.
Your Dodging skill increases to level 6!
Your Spellcasting skill increases to level 6!
Your Conjurations skill increases to level 5!
Your Fire Magic skill increases to level 6!
You have reached level 5!
Items here: )))) a +4 quarterstaff of speed; a +2 halberd of protection a +2 morningstar of crushing; the +1 broad axe "Plog" {freeze, Dex+5} Health restored: 33
Okay, then.
Aim: an ice beast The sticky flame hits the ice beast.
The ice beast is covered in liquid flames!
The ice beast burns!
The ice beast hits you but does no damage.
You now have 7/16 mp.
The ice beast burns!
The ice beast burns!
The ice beast burns!
The ice beast burns!
The ice beast stops burning.
There is an open door here.
There is a glowing golden altar of the Shining One here.
Really attack while wielding your uncursed staff of energy {@w1+MP, hungerless spells, !d!a}? [Y]es or [N]o only, please.
Really attack while wielding your uncursed staff of energy {@w1+MP, hungerless spells, !d!a}?
You hit the ice beast but do no damage. The ice beast hits you.
The ice beast freezes you!
You take 18 damage, and have 15/33 hp.
MASSIVE DAMAGE!!
Aim: an ice beast (almost dead)
The sticky flame hits the ice beast.
The ice beast is covered in liquid flames!
The ice beast burns!
You kill the ice beast!
Sif Muna accepts your kill.
You can now request divine energy to cast spells with insufficient magic.
Your Fighting skill increases to level 4!
Your Dodging skill increases to level 7!
Your Spellcasting skill increases to level 7!
You now have 4/17 mp.
Aim: a leopard gecko zombie
Okay, then.
Okay, then.
Aim: a leopard gecko zombie The sticky flame hits the leopard gecko zombie.
The leopard gecko zombie is covered in liquid flames!
The leopard gecko zombie burns!
You destroy the leopard gecko zombie!
Sif Muna accepts your kill.
You now have 0/17 mp.
Okay, then.
Okay, then.
Sif Muna will now grant you divine energy when your reserves of magic are depleted.
You will briefly lose access to your magic after casting a spell in this manner.
Aim: a wyvern You miscast Sticky Flame.
You are very lightly contaminated with residual magic.
Your skin glows momentarily.
Sif Muna grants you divine energy.
You briefly lose access to your magic!
The wyvern bites you!
* * * LOW HITPOINT WARNING * * *
The wyvern barely misses you.
You take 8 damage, and have 7/34 hp.
MASSIVE DAMAGE!!
You are unable to access your magic!
The wyvern bites you.
* * * LOW HITPOINT WARNING * * *
You take 3 damage, and have 4/34 hp.
You are unable to access your magic!
The wyvern closely misses you.
There is a glowing silver altar of Zin here.
There is a basalt altar of Yredelemnul here.
You regain access to your magic.
The wyvern bites you.
You die...

▓_▓
▓_▓
▓_▓
▓_▓
▓_▓
▓_▓
▓_▓
▓_▓
▓@▓
▓l▓
▓_▓
▓Y▓
▓Y▓
▓'▓
▓.▓
▓.▓
▓.▓


You could see a yak, a wyvern and an ice beast.

Vanquished Creatures
  An ice beast (D)
  A big kobold (D)
  2 jellies (D)
  A worker ant (D)
  A dart slug (D)
  2 orcs (D)
  2 bats (D)
  2 goblins (D)
  A leopard gecko zombie (D)
13 creatures vanquished.

Notes
Turn   | Place    | Note
-------+----------+-------------------------------------------
     0 | D        | esc the Deep Elf Fire Elementalist began the quest for the Orb.
     0 | D        | Reached XP level 1. HP: 10/10 MP: 6/6
    33 | D        | HP: 2/11 [bat (1)]
    34 | D        | Reached skill level 1 in Fighting
    36 | D        | Reached skill level 3 in Dodging
    36 | D        | Reached skill level 2 in Conjurations
   262 | D        | Noticed a jelly
   262 | D        | Noticed a jelly
   262 | D        | Noticed a worker ant
   264 | D        | Reached XP level 2. HP: 16/16 MP: 8/8
   267 | D        | Reached skill level 2 in Fighting
   267 | D        | Reached skill level 4 in Dodging
   267 | D        | Reached skill level 4 in Spellcasting
   267 | D        | Reached skill level 3 in Conjurations
   267 | D        | Reached skill level 4 in Fire Magic
   267 | D        | Reached XP level 3. HP: 17/21 MP: 8/11
   270 | D        | Reached skill level 5 in Spellcasting
   270 | D        | Reached skill level 5 in Fire Magic
   270 | D        | Reached XP level 4. HP: 23/27 MP: 7/13
   273 | D        | Reached skill level 3 in Fighting
   273 | D        | Reached skill level 5 in Dodging
   273 | D        | Reached skill level 4 in Conjurations
   374 | D        | Found a roughly hewn altar of Beogh.
   374 | D        | Found a snail-covered altar of Cheibriados.
   374 | D        | Found a shadowy altar of Dithmenos.
   374 | D        | Found a white marble altar of Elyvilon.
   374 | D        | Found a blossoming altar of Fedhas.
   374 | D        | Found an opulent altar of Gozag.
   375 | D        | Found a hazy altar of Hepliaklqana.
   376 | D        | Found a viscous altar of Jiyva.
   377 | D        | Found an ancient bone altar of Kikubaaqudgha.
   378 | D        | Found a corrupted altar of Lugonu.
   379 | D        | Found a burning altar of Makhleb.
   380 | D        | Found a sparkling altar of Nemelex Xobeh.
   381 | D        | Found an iron altar of Okawaru.
   382 | D        | Found a stormy altar of Qazlal.
   383 | D        | Found a sacrificial altar of Ru.
   384 | D        | Found a deep blue altar of Sif Muna.
   385 | D        | Found a bloodstained altar of Trog.
   386 | D        | Found a hide-covered altar of Uskayaw.
   387 | D        | Found a radiant altar of Vehumet.
   388 | D        | Found a shimmering altar of Xom.
   389 | D        | Found a basalt altar of Yredelemnul.
   390 | D        | Found a glowing silver altar of Zin.
   391 | D        | Found a glowing golden altar of the Shining One.
   392 | D        | Became a worshipper of Sif Muna the Loreminder
   451 | D        | Learned a level 4 spell: Sticky Flame
   455 | D        | Learned a level 3 spell: Conjure Flame
   455 | D        | Noticed a big kobold
   455 | D        | Noticed an ice beast
   455 | D        | Noticed a wyvern
   455 | D        | Noticed an ice beast
   455 | D        | Noticed a yak
   463 | D        | Killed a big kobold
   463 | D        | Reached skill level 6 in Dodging
   463 | D        | Reached skill level 6 in Spellcasting
   463 | D        | Reached skill level 5 in Conjurations
   463 | D        | Reached skill level 6 in Fire Magic
   463 | D        | Reached XP level 5. HP: 33/33 MP: 10/16
   474 | D        | Killed an ice beast
   474 | D        | Reached * piety under Sif Muna
   474 | D        | Reached skill level 4 in Fighting
   474 | D        | Reached skill level 7 in Dodging
   474 | D        | Reached skill level 7 in Spellcasting
   476 | D        | HP: 7/34 [wyvern (8)]
   480 | D        | Slain by a wyvern

Vault maps used:
D:        linesprint

Skill      XL: |  1  2  3  4  5 |
---------------+----------------+-----
Fighting       | 1 2 3 4 |  4.4
Dodging        | 3 4 6 7 |  7.0
Conjurations   | 2 3 5 |  5.9
Spellcasting   | 4 5 6 7 |  7.7
Fire Magic     | 4 5 6 |  6.8
Stealth        | |  2.4

Action                   |  1- 3 |  4- 6 || total
-------------------------+-------+-------++-------
Melee: Unarmed           |    19 |       ||    19
       Dagger            |     2 |       ||     2
       Staff             |       |     1 ||     1
 Cast: Flame Tongue      |    10 |     4 ||    14
       Sticky Flame      |       |     4 ||     4
Invok: Divine Energy     |       |     1 ||     1
 Stab: Sleeping          |     2 |       ||     2
Armor: Robe              |     8 |     1 ||     9
Dodge: Dodged            |    31 |     3 ||    34

Vault maps used:
D:        linesprint

Table legend:
 A = Turns spent in this place as a percentage of turns spent in the entire game.
 B = Non-inter-level travel turns spent in this place as a percentage of non-inter-level travel turns spent in the entire game.
 C = Inter-level travel turns spent in this place as a percentage of turns spent in this place.
 D = Turns resting spent in this place as a percentage of non-inter-level travel turns spent in this place.
 E = Turns spent auto-exploring this place as a percentage of non-inter-level travel turns spent in this place.
 F = Non-inter-level travel turns spent in this place divided by the number of levels of this place that you've seen.
                   A       B       C       D       E      F
               +-------+-------+-------+-------+-------+----------------------
         Total | 100.0 | 100.0 |   0.0 |   2.1 |   0.0 | 188.0
       Dungeon | 100.0 | 100.0 |   0.0 |   2.1 |   0.0 | 188.0
               +-------+-------+-------+-------+-------+----------------------

Table legend:
 A = Kills in this place as a percentage of kills in entire the game.
 B = Kills by you in this place as a percentage of kills by you in the entire game.
 C = Kills by friends in this place as a percentage of kills by friends in the entire game.
 D = Other kills in this place as a percentage of other kills in the entire game.
 E = Experience gained in this place as a percentage of experience gained in the entire game.
 F = Experience gained in this place divided by the number of levels of this place that you have seen.
                   A       B       C       D       E      F
               +-------+-------+-------+-------+-------+----------------------
         Total | 100.0 | 100.0 |  -nan |  -nan | 100.0 | 368.0
       Dungeon | 100.0 | 100.0 |  -nan |  -nan | 100.0 | 368.0
               +-------+-------+-------+-------+-------+----------------------
